 Dungeon Sprint DCSS version 0.15-a0-2112-gb4a2680 (webtiles) character file.

2660 fransbal the Thaumaturge (level 9, -5/57 HPs)
             Began as a Deep Elf Venom Mage on July 15, 2014.
             Was the Champion of Sif Muna.
             Slain by a five-headed hydra (6 damage)
             ... in the Dungeon (Sprint IX: "|||||||||||||||||||||||||||||").
             The game lasted 00:05:34 (927 turns).

fransbal the Thaumaturge (Deep Elf Venom Mage)       Turns: 927, Time: 00:05:34

HP  -5/57        AC  9     Str  8      XL: 9   Next: 36%
MP  33/33        EV 21     Int 24      God: Sif Muna [******]
Gold 13          SH  0     Dex 18      Spells:  5 memorised, 24 levels left

rFire  . . .     SeeInvis .     p - +2 scimitar (protect)
rCold  . . .     Clarity  .     a - +0 robe
rNeg   . . .     rCorr    .     (no shield)
rPois  .         rRot     .     q - +0 helmet
rElec  .         Spirit   .     r - +0 cloak
SustAb .         Warding  .     (no gloves)
rMut   .         NoTele   +     (no boots)
Gourm  .                        (no amulet)
MR     .....                    t - +3 ring of dexterity
                                s - +3 ring of strength

@: not resistant to hostile enchantments, unstealthy
A: no striking features
a: Channel Energy, Forget Spell, Renounce Religion


You were in the Dungeon.
You worshipped Sif Muna.
Sif Muna was exalted by your worship.
You were not hungry.

You visited 1 branch You collected 13 gold pieces.


   Skills:
 + Level 7.6 Fighting
 + Level 11.1 Dodging
 - Level 2.4 Stealth
 + Level 14.5 Spellcasting
 + Level 12.2 Conjurations
 - Level 8.9 Poison Magic


You had 24 spell levels left.
You knew the following spells:

 Your Spells              Type           Power        Failure   Level  Hunger
a - Sting                 Conj/Pois      ####         1%          1    None
i - Cure Poison           Pois           ######....   1%          2    None
v - Blink                 Tloc           N/A          6%          2    None
B - Venom Bolt            Conj/Pois      ######....   1%          5    #......
C - Mephitic Cloud        Conj/Pois/Air  ######..     1%          3    None

Inventory:

Hand weapons
 j - a +0 dagger
 p - a +2 scimitar of protection (weapon)
Armour
 a - a +0 robe (worn)
 q - a +0 helmet (worn)
 r - a +0 cloak (worn)
Magical devices
 n - a wand of cold (3)
Comestibles
 c - 3 chunks of elephant flesh
Scrolls
 i - 2 scrolls of blinking
 l - 3 scrolls of remove curse
 m - 2 scrolls of amnesia
 y - a scroll of holy word
 A - a scroll of recharging
 B - a scroll of fog
 C - 4 scrolls of enchant weapon
Jewellery
 s - a +3 ring of strength (left hand)
 t - a +3 ring of dexterity (right hand)
Potions
 d - 5 potions of curing
 e - 8 potions of heal wounds
 f - a potion of haste
 g - 4 potions of magic
 h - 2 potions of berserk rage {!q}
 k - a potion of invisibility
 z - 3 potions of might
Books
 b - a Young Poisoner's Handbook

   Spells                             Type                      Level
   *Sting                             Conjuration/Poison           1
   *Cure Poison                       Poison                       2
   *Mephitic Cloud                    Conjuration/Poison/Air       3
   Olgreb's Toxic Radiance            Poison                       4
   *Venom Bolt                        Conjuration/Poison           5
 w - a book of Spatial Translocations

   Spells                             Type                      Level
   Apportation                        Translocation                1
   *Blink                             Translocation                2
   Shroud of Golubria                 Charms/Translocation         2
   Portal Projectile                  Translocation                3
   Teleport Other                     Translocation                3
   Passage of Golubria                Translocation                4
Magical staves
 o - an uncursed staff of energy {!a}


Message History

The five-headed hydra closely misses you.
The five-headed hydra barely misses you.
Unknown command.
Evoke which item? (* to show all) (? for menu, Esc to quit)
Zapping:
n - a wand of cold (4)
Press: ? - help, Shift-Dir - straight line, f/p - five-headed hydra
Aim: a five-headed hydra (severely wounded)
The bolt of cold hits the five-headed hydra.
The five-headed hydra is almost dead.
The bolt of cold misses the komodo dragon.
The bolt of cold hits the spiny frog.
The spiny frog is heavily wounded.
This wand has 3 charges left.
The five-headed hydra closely misses you.
The five-headed hydra bites you but does no damage.
The five-headed hydra bites you!
* * * LOW HITPOINT WARNING * * *
The five-headed hydra bites you but does no damage.
The five-headed hydra bites you.
You die...

#_#.#%#
#_#.#.#
#_#.#%#
#_#.#.#
#_#.#.#
#_#.#.#
#_#.#.#
#_#.#.#
#_#.#@#
#_#.#D#
#_#.#l#
#_#.#.#
#_#.#.#
#_#.#F#
#_#.#.#
#_#.#r#
#_#.#.#


You could see a five-headed hydra, a komodo dragon, a spiny frog and a green
rat.

Vanquished Creatures
  A centaur warrior (D)
  A griffon (D)
  An elephant (D)
  A troll (D)
  An ugly thing (D)
  A yak (D)
  A porcupine (D)
  An ogre (D)
  A black bear (D)
  A crocodile (D)
  4 giant frogs (D)
  2 crimson imps (D)
  3 hounds (D)
  2 adders (D)
  An orc (D)
  A bat zombie (D)
  2 goblins (D)
  A hobgoblin (D)
  A kobold (D)
  2 quokkas (D)
  A bat (D)
  A giant newt (D)
  A goblin zombie (D)
  A quokka skeleton (D)
  3 rats (D)
36 creatures vanquished.

Notes
Turn   | Place    | Note
--------------------------------------------------------------
     0 | D        | fransbal, the Deep Elf Venom Mage, began the quest for the Orb.
     0 | D        | Reached XP level 1. HP: 10/10 MP: 5/5
    13 | D        | Reached skill level 1 in Conjurations
    32 | D        | Reached skill level 5 in Poison Magic
   176 | D        | Reached XP level 2. HP: 15/15 MP: 1/9
   202 | D        | Found a glowing silver altar of Zin.
   202 | D        | Found a glowing golden altar of the Shining One.
   202 | D        | Found an ancient bone altar of Kikubaaqudgha.
   202 | D        | Found a basalt altar of Yredelemnul.
   202 | D        | Found a shimmering altar of Xom.
   202 | D        | Found a radiant altar of Vehumet.
   202 | D        | Found an iron altar of Okawaru.
   203 | D        | Found a burning altar of Makhleb.
   204 | D        | Found a deep blue altar of Sif Muna.
   205 | D        | Found a bloodstained altar of Trog.
   206 | D        | Found a sparkling altar of Nemelex Xobeh.
   207 | D        | Found a white marble altar of Elyvilon.
   208 | D        | Found a roughly hewn altar of Beogh.
   209 | D        | Found a viscous altar of Jiyva.
   210 | D        | Found a corrupted altar of Lugonu.
   211 | D        | Found a blossoming altar of Fedhas.
   212 | D        | Found a snail-covered altar of Cheibriados.
   213 | D        | Found a shadowy altar of Dithmenos.
   214 | D        | Found a stormy altar of Qazlal.
   217 | D        | Became a worshipper of Sif Muna the Loreminder
   220 | D        | Found an opulent altar of Gozag.
   256 | D        | Noticed a giant frog
   256 | D        | Noticed a giant frog
   256 | D        | Noticed an ogre
   261 | D        | Learned a level 2 spell: Cure Poison
   270 | D        | Reached skill level 3 in Conjurations
   296 | D        | Killed a giant frog
   296 | D        | Acquired Sif Muna's first power
   296 | D        | Reached skill level 7 in Spellcasting
   296 | D        | Reached XP level 3. HP: 17/19 MP: 3/17
   296 | D        | Reached XP level 4. HP: 21/24 MP: 3/20
   296 | D        | Killed a giant frog
   296 | D        | Acquired Sif Muna's second power
   296 | D        | Reached skill level 8 in Spellcasting
   296 | D        | Reached skill level 6 in Conjurations
   296 | D        | Reached XP level 5. HP: 24/28 MP: 3/23
   296 | D        | Killed an ogre
   296 | D        | Reached skill level 9 in Spellcasting
   409 | D        | Learned a level 3 spell: Mephitic Cloud
   415 | D        | Learned a level 5 spell: Venom Bolt
   415 | D        | Noticed a troll
   415 | D        | Noticed a centaur warrior
   415 | D        | Noticed a crimson imp
   415 | D        | Noticed a crimson imp
   415 | D        | Noticed a red ugly thing
   417 | D        | Killed a troll
   417 | D        | Acquired Sif Muna's third power
   417 | D        | Reached skill level 3 in Fighting
   417 | D        | Reached skill level 10 in Spellcasting
   417 | D        | Reached XP level 6. HP: 28/37 MP: 15/27
   418 | D        | Killed a centaur warrior
   418 | D        | Reached skill level 12 in Spellcasting
   418 | D        | Reached XP level 7. HP: 30/44 MP: 10/29
   418 | D        | Reached XP level 8. HP: 33/49 MP: 10/31
   419 | D        | Killed a crimson imp
   419 | D        | Received a gift from Sif Muna
   421 | D        | Killed a crimson imp
   421 | D        | Killed a red ugly thing
   527 | D        | Learned a level 2 spell: Blink
   636 | D        | Noticed a hound
   636 | D        | Noticed a hound
   636 | D        | Noticed a crocodile
   636 | D        | Noticed a black bear
   636 | D        | Noticed a giant frog
   636 | D        | Noticed a griffon
   637 | D        | Killed a hound
   637 | D        | Killed a hound
   637 | D        | Reached skill level 9 in Dodging
   637 | D        | Reached skill level 13 in Spellcasting
   639 | D        | Killed a black bear
   639 | D        | Reached skill level 6 in Fighting
   640 | D        | Killed a crocodile
   640 | D        | Killed a giant frog
   644 | D        | Noticed an elephant
   646 | D        | Noticed a yak
   648 | D        | Killed a griffon
   648 | D        | Reached XP level 9. HP: 35/56 MP: 1/32
   783 | D        | Killed a yak
   787 | D        | Killed an elephant
   787 | D        | Reached skill level 14 in Spellcasting
   787 | D        | Reached skill level 12 in Conjurations
   921 | D        | Noticed a five-headed hydra
   921 | D        | Noticed a giant frog
   921 | D        | Noticed a porcupine
   921 | D        | Noticed a komodo dragon
   921 | D        | Noticed a hound
   923 | D        | Killed a giant frog
   923 | D        | Killed a porcupine
   924 | D        | Noticed a spiny frog
   926 | D        | Killed a hound
   927 | D        | HP: 1/57 [five-headed hydra (15)]
   927 | D        | Slain by a five-headed hydra

Vault maps used:
D:        linesprint

Action                   |  1- 3 |  4- 6 |  7- 9 || total
-------------------------+-------+-------+-------++-------
Melee: Unarmed           |    15 |       |       ||    15
       Dagger            |     6 |       |       ||     6
       Scimitar          |     1 |       |       ||     1
 Cast: Sting             |    23 |       |       ||    23
       Venom Bolt        |       |     2 |    12 ||    14
Invok: Channel Energy    |       |       |     3 ||     3
Evoke: Wand              |     1 |     1 |     9 ||    11
  Use: Scroll            |       |       |     1 ||     1
  Eat: Bread ration      |       |       |     1 ||     1
